 Dungeon Crawl Stone Soup version 0.31.0 (webtiles) character file.

Game seed: 5754669998902197508

1188 SnakkuSnakku7 the Blocker (level 8, -2/58 HPs)
             Began as a Formicid Cinder Acolyte on Jan 20, 2024.
             Was an Elder of Ignis.
             Slain by a two-headed ogre
             ... wielding a +0 giant club
              (11 damage)
             ... on level 5 of the Dungeon.
             The game lasted 00:05:36 (3622 turns).

SnakkuSnakku7 the Blocker (Formicid Cinder Acolyte) Turns: 3622, Time: 00:05:39

Health: -2/58      AC:  6    Str: 21    XL:     8   Next: 71%
Magic:  9/9        EV:  7    Int: 14    God:    Ignis [****..]
Gold:   100        SH: 16    Dex:  9    Spells: 9/9 levels left

rFire   + . .        a - +1 war axe (elec)
rCold   . . .        z - +2 tower shield
rNeg    . . .        r - +0 scale mail
rPois   .            (helmet unavailable)
rElec   .            (no cloak)
rCorr   +            (no gloves)
SInv    +            (no boots)
Will    .....        (no amulet) Stlth
                     i - ring of resist corrosion
HPRegen 0.29/turn    x - +4 ring of slaying
MPRegen 0.11/turn

%: no passive effects
@: no status effects
A: permanent stasis, dig shafts and tunnels, antennae 3, four strong arms
a: Dig, Shaft Self, Renounce Religion, Fiery Armour, Foxfire Swarm, Rising Flame


You were on level 5 of the Dungeon.
You worshipped Ignis.
Ignis was greatly pleased with you.
You visited 1 branch of the dungeon, and saw 5 of its levels.

You collected 100 gold pieces.

Inventory:

Hand Weapons
 a - a +1 war axe of electrocution (weapon)
 s - a +1 scythe of venom
 v - a -1 hand axe of flaming
Missiles
 c - 5 poisoned darts
Armour
 b - a +0 robe
 r - a +0 scale mail (worn)
 z - a +2 tower shield (worn)
Jewellery
 i - a ring of resist corrosion (left hand)
 q - a ring of ice
 x - a +4 ring of slaying (right hand)
Wands
 y - a wand of charming (13)
Scrolls
 d - a scroll of revelation {unknown}
 e - 3 scrolls of enchant weapon {unknown}
 f - 2 scrolls of vulnerability {unknown}
 g - a scroll of fear {unknown}
 h - a scroll of enchant armour {unknown}
 k - a scroll of teleportation {unknown}
 o - 2 scrolls of immolation {unknown}
 p - 2 scrolls of fog {unknown}
 t - 2 scrolls of identify {unknown}
 w - a scroll of poison {unknown}
 A - 2 scrolls of blinking {unknown}
Potions
 j - a potion of might {unknown}
 l - 4 potions of heal wounds {unknown}
 m - a potion of ambrosia {unknown}
 n - a potion of curing {unknown}
 u - a potion of invisibility {unknown}


   Skills:
 - Level 3.2 Fighting
 + Level 7.2(7.4) Axes
 - Level 2.0(5.0) Polearms
 - Level 2.0 Throwing
 + Level 8.3 Shields
 - Level 1.1 Spellcasting
 - Level 3.0 Fire Magic


You had 9 spell levels left.
You didn't know any spells.
Your spell library contained the following spells:

 Spells                   Type           Power      Damage    Failure   Level
 Scorch                   Fire           18%        2d5       83%         2
 Inner Flame              Hex/Fire       4%         N/A       99%         3
 Tukima's Dance           Hex            0%         N/A       100%        3
 Flame Wave               Conj/Fire      4%         2d5       100%        4
 Passage of Golubria      Tloc           0%         N/A       100%        4
 Sticky Flame             Fire/Alch      4%         2d4       100%        4
 Yara's Violent Unravell  Hex/Alch       0%         3d3       100%        5


Dungeon Overview and Level Annotations

Branches:
Dungeon (5/15)
 Temple: D:4-7

Altars:
Hepliaklqana

Shops:
D:2 [


Innate Abilities, Weirdness & Mutations

You cannot be hasted, slowed, berserked, paralysed or teleported.
You can dig through walls and to a lower floor.
You have a pair of large antennae on your head. (SInv)
Your four strong arms can wield two-handed weapons with a shield.


Message History

The scorpion barely misses you.
The black bear moves out of view.
The scorpion attacks as it pursues you! You block the scorpion's attack.
You hit the scorpion but do no damage.
The scorpion is heavily wounded.
You block the scorpion's attack. x2
You completely miss the scorpion.
The scorpion is heavily wounded.
The scorpion closely misses you.
You hit the scorpion.
The scorpion is almost dead.
You block the scorpion's attack. x2
You barely miss the scorpion.
The scorpion is almost dead.
You block the scorpion's attack. The scorpion stings you.
You are poisoned.
The scorpion poisons you!
You slash the scorpion!
You kill the scorpion!
You feel very sick. You block the hound's attack.
You closely miss the hound.
You feel sick. You block the hound's attack. x2
You barely miss the hound.
You feel sick. The hound closely misses you.
You slash the two-headed ogre!
The two-headed ogre is lightly wounded.
You feel sick.
You slash the two-headed ogre!
The two-headed ogre is heavily wounded.
You feel sick.
The two-headed ogre hits you with a +0 giant club! x2
* * * LOW HITPOINT WARNING * * *
Unknown command.
Okay, then.
Okay, then.
Activating: Foxfire Swarm
Press: ? - help, Dir - look around, f - activate Flames leap up around you!
You feel sick.
You are no longer poisoned.
You block the two-headed ogre's attack.
The two-headed ogre hits you with a +0 giant club!
You die...

,..{ .. #.#....##..#
# {
hO{#.###......##.># #
5##..........#####
,....#.......##
{#.....#......# #.#.#
#......# ..###..{#
#vv....#
#......o###vv....###
#..#...OhO@vv........
#.......###vv.#######
+........{.vv.#
#........#....#
#........#.####
#........#.
######..).. ....#.


You could see a two-headed ogre (ally target), an ogre, a hound and an orc.

Vanquished Creatures
  Grinder (D:3)
  Sigmund (D:3)
  Eustachio (D:4)
  A water moccasin (D:5)
  A centaur (D:5)
  A scorpion (D:5)
  4 hounds
  A jelly (D:4)
  Natasha (thrice) (D:3)
  3 orc wizards
  4 adders
  3 ribbon worms
  5 dart slugs
  7 orcs
  5 ball pythons
  7 endoplasms
  8 giant cockroaches
  3 goblins
  7 hobgoblins
  10 jackals
  A bat (D:3)
  4 frilled lizards
  8 kobolds
  2 rats
  A spectral goblin (D:3)
92 creatures vanquished.

Vanquished Creatures (others)
  34 foxfires (D:3)
34 creatures vanquished.

Grand Total: 126 creatures vanquished

Notes
Turn   | Place    | Note
-------+----------+-------------------------------------------
     0 | D:1      | SnakkuSnakku7 the Formicid Cinder Acolyte began the quest
                  | for the Orb.
     0 | D:1      | Reached XP level 1. HP: 18/18 MP: 2/2
   190 | D:1      | Reached XP level 2. HP: 15/24 MP: 3/3
   197 | D:1      | Reached skill level 1 in Throwing
   374 | D:1      | Reached XP level 3. HP: 27/29 MP: 4/4
   790 | D:2      | Found Kecho's Armour Boutique.
  1431 | D:2      | Reached XP level 4. HP: 35/35 MP: 5/5
  1452 | D:2      | Reached skill level 1 in Shields
  1546 | D:2      | Reached skill level 2 in Shields
  1546 | D:2      | Reached XP level 5. HP: 22/41 MP: 6/6
  2034 | D:3      | Noticed Natasha
  2043 | D:3      | Killed Natasha
  2044 | D:3      | Reached skill level 3 in Shields
  2095 | D:3      | Found a faded altar of an unknown god.
  2259 | D:3      | Noticed Grinder
  2285 | D:3      | Killed Grinder
  2286 | D:3      | Reached skill level 5 in Axes
  2286 | D:3      | Reached skill level 5 in Shields
  2286 | D:3      | Reached XP level 6. HP: 26/47 MP: 7/7
  2286 | D:3      | Reached XP level 7. HP: 29/52 MP: 8/8
  2387 | D:3      | Noticed Sigmund
  2405 | D:3      | Killed Sigmund
  2406 | D:3      | Reached skill level 6 in Shields
  2595 | D:3      | Found a hazy altar of Hepliaklqana.
  2659 | D:3      | Noticed Natasha
  2669 | D:3      | Killed Natasha
  2782 | D:3      | Noticed Natasha
  2790 | D:3      | Killed Natasha
  2791 | D:3      | Reached skill level 1 in Polearms
  3179 | D:4      | Reached XP level 8. HP: 57/58 MP: 9/9
  3333 | D:4      | Noticed Eustachio
  3337 | D:4      | Killed Eustachio
  3338 | D:4      | Reached skill level 7 in Shields
  3494 | D:5      | Entered Level 5 of the Dungeon
  3537 | D:5      | Reached skill level 8 in Shields
  3606 | D:5      | Noticed a two-headed ogre
  3622 | D:5      | Slain by a two-headed ogre

Illustrated notes

Levels and vault maps discovered:
D:1:      wander_arrival_estate, layout_basic
D:2:      layout_loops_ring, serial_shops, nicolae_shop_crystal,
          minmay_tetromino_t4
D:3:      layout_basic, nicolae_hepliaklqana_monster_ancestors,
          shapermc_ecumenical_altar_ellora, uniq_sigmund, uniq_natasha,
          uniq_grinder
D:4:      layout_basic, minmay_misc_feat_five, minmay_misc_feat_chi,
          uniq_eustachio
D:5:      layout_basic, minmay_fractal_squares_5

Skill      XL: |  1  2  3  4  5  6  7  8 |
---------------+-------------------------+-----
Throwing       | 1 2 |  2.0
Axes           | 4 5 6 7 |  7.2
Shields        | 2 5 6 8 |  8.3
Polearms       | 1 2 |  2.0
Fighting       | |  3.2
Spellcasting   | |  1.1
Fire Magic     | |  3.0

Action                     |  1- 3 |  4- 6 |  7- 9 || total
---------------------------+-------+-------+-------++-------
  Melee: Hand axe          |   120 |   119 |       ||   239
         Halberd           |       |       |    55 ||    55
         War axe           |       |       |    50 ||    50
 Invoke: Foxfire Swarm     |       |     1 |     2 ||     3
Ability: Dig               |       |       |     1 ||     1
   Stab: Sleeping          |     1 |       |       ||     1
 Armour: Robe              |    76 |       |       ||    76
         Scale mail        |     8 |    72 |    71 ||   151
  Dodge: Dodged            |    84 |    38 |    19 ||   141
  Block: Kite shield       |     4 |    37 |    13 ||    54
         Tower shield      |       |       |    62 ||    62
